 Dungeon Crawl Stone Soup version 0.27.0-1-g7a089689b8 (webtiles) character file.

Game seed: 5360665568072323436

49 dolemite99 the Poker (level 3, 0/27 HPs)
             Began as a Merfolk Gladiator on July 31, 2021.
             Was an Initiate of Ashenzari.
             Slain by Jessica (4 damage)
             ... on level 2 of the Dungeon.
             The game lasted 00:01:45 (1388 turns).

dolemite99 the Poker (Merfolk Gladiator)            Turns: 1388, Time: 00:01:46

Health: 0/27       AC:  6    Str: 15    XL:     3   Next: 77%
Magic:  3/3        EV: 12    Int:  7    God:    Ashenzari [......]
Gold:   67         SH:  0    Dex: 15    Spells: 2/2 levels left

rFire    . . .     SeeInvis .   a - +0 trident
rCold    . . .     Faith    .   (no shield)
rNeg     . . .     Spirit   .   j - +0 ring mail
rPois    .         Reflect  .   c - +0 helmet of Ashenzari's Blue Moon {Fort, Cun} (curse)
rElec    .         Harm     .   (no cloak)
rCorr    .         Rampage  .   (no gloves)
Will     .....                  (no boots)
Stlth    +.........             (no amulet)
HPRegen  0.09/turn              (no ring)
MPRegen  0.08/turn              (no ring)

@: invisible
A: (nimble swimmer 2), mertail
a: Renounce Religion, Curse Item, Shatter the Chains


You were on level 2 of the Dungeon.
You worshipped Ashenzari.
Ashenzari was noncommittal.
You visited 1 branch of the dungeon, and saw 2 of its levels.

You collected 67 gold pieces.

Inventory:

Hand Weapons
 a - a +0 trident (weapon)
Missiles
 d - 3 throwing nets (quivered)
 h - 25 stones
Armour
 c - the cursed +0 helmet of Ashenzari's Blue Moon (worn) {Fort, Cun}

   It has a curse which improves the following skills: Fortitude: Armour and
   Shields.
   Cunning:   Dodging and Stealth.
 j - a +0 ring mail (worn)
Scrolls
 e - a scroll of summoning
 g - a scroll of silence
 i - 3 scrolls of teleportation


   Skills:
 - Level 2.1 Fighting
 + Level 6.1 Polearms
 - Level 2.0 Throwing
 + Level 4.7(5.2) Dodging


You had 2 spell levels left.
You didn't know any spells.
Your spell library was empty.

Dungeon Overview and Level Annotations

Branches:
Dungeon (2/15)

Altars:
Ashenzari

Annotations:
D:2 Jessica


Innate Abilities, Weirdness & Mutations

((You are quick and stealthy near water. (Stealth+, EV+, Speed+++)))
Your lower body shifts to a powerful aquatic tail in water.


Message History

You are poisoned.
The adder poisons you!
You closely miss the adder.
The adder is severely wounded.
You feel sick. The adder misses you.
You hit the adder.
You kill the adder!
You feel sick.
You feel sick.
You see here an adder corpse.
You start resting.
You feel sick.
You are no longer poisoned.
You start resting.
HP restored.
There is a stone staircase leading down here.
You climb downwards.
Level annotation: Jessica
There is a stone staircase leading up here.
Jessica casts a spell.
Jessica blinks!
Your ring mail prevents you from hitting the endoplasm.
The endoplasm freezes you.
You are frozen.
Jessica hits you with a +0 dagger. The endoplasm freezes you.
You are frozen.
You hit Jessica but do no damage. Jessica closely misses you.
The endoplasm freezes you.
You are frozen.
You hit Jessica.
Jessica is lightly wounded.
Jessica shouts, "You're disturbing me!
I'll have to kill you!" Jessica hits you with a +0 dagger.
* * * LOW HITPOINT WARNING * * *
The endoplasm freezes you.
You are frozen.
* * * LOW HITPOINT WARNING * * *
You fade into invisibility!
Jessica hits you with a +0 dagger.
You die...

## ..
####.######
#....@@...#
#.....J...#
#.........#
#........<#
###########


You could see Jessica and an endoplasm.

Vanquished Creatures
  An adder (D:1)
  A dart slug (D:1)
  4 ball pythons (D:1)
  5 endoplasms (D:1)
  A giant cockroach (D:1)
  4 goblins (D:1)
  2 hobgoblins (D:1)
  4 jackals (D:1)
  A quokka (D:1)
  3 bats (D:1)
  2 frilled lizards (D:1)
  4 kobolds (D:1)
  5 rats (D:1)
37 creatures vanquished.

Notes
Turn   | Place    | Note
-------+----------+-------------------------------------------
     0 | D:1      | dolemite99 the Merfolk Gladiator began the quest for the
                  | Orb.
     0 | D:1      | Reached XP level 1. HP: 16/16 MP: 1/1
    24 | D:1      | Found a faded altar of an unknown god.
    42 | D:1      | Became a worshipper of Ashenzari the Shackled
    88 | D:1      | Reached skill level 5 in Polearms
    89 | D:1      | Reached XP level 2. HP: 19/22 MP: 2/2
   643 | D:1      | Reached XP level 3. HP: 25/27 MP: 3/3
   875 | D:1      | Reached skill level 6 in Polearms
  1303 | D:2      | Noticed Jessica
  1388 | D:2      | Slain by Jessica

Illustrated notes

Levels and vault maps discovered:
D:1:      lightli_arrival_farm, layout_loops_corners,
          ebering_ecumenical_altar_rust
D:2:      layout_rooms, basic_altar, minmay_fractal_squares_5, uniq_robin,
          uniq_natasha, uniq_jessica

Skill      XL: |  1  2  3 |
---------------+----------+-----
Polearms       | 5 6 |  6.1
Fighting       | |  2.1
Throwing       | |  2.0
Dodging        | |  4.7

Action                   || total
-------------------------++-------
Melee: Trident           ||   120
Invok: Curse Item        ||     1
  Use: Potion            ||     1
 Stab: Sleeping          ||     1
Armor: Leather armour    ||    11
       Ring mail         ||    19
Dodge: Dodged            ||    64
